 Dungeon Crawl Stone Soup version 0.25.0-11-g1f837a76a1 (webtiles) character file.

Game seed: 9366002635744349508

8927 Stil the Destroyer (level 11, -9/54 HPs)
             Began as a Deep Elf Conjurer on June 23, 2020.
             Was an Elder of Vehumet.
             Mangled by an ice dragon (11 damage)
             ... on level 9 of the Dungeon on June 25, 2020.
             The game lasted 00:52:45 (13362 turns).

Stil the Destroyer (Deep Elf Conjurer)             Turns: 13362, Time: 00:52:46

Health: -9/54      AC:  8    Str:  5    XL:     11   Next: 16%
Magic:  22/29      EV: 19    Int: 28    God:    Vehumet [****..]
Gold:   449        SH:  0    Dex: 19    Spells: 26/34 levels left

rFire    + . .     SeeInvis .   B - +7 whip of the Desert {vorpal, Int+4 Dex+4}
rCold    + . .     Gourm    .   (no shield)
rNeg     . . .     Faith    +   b - +1 leather armour {rF+}
rPois    +         Spirit   .   C - +2 hat
rElec    .         Reflect  .   u - +0 cloak
rCorr    .         Harm     .   (no gloves)
MR       ++...                  x - +0 pair of boots
Stlth    ++........             A - amulet of faith
HPRegen  0.18/turn              j - ring of protection from magic
MPRegen  0.21/turn              i - ring of wizardry

@: no status effects
A: hooves 1, cold resistance 1, deterioration 1, poison resistance
a: Renounce Religion


You were on level 9 of the Dungeon.
You worshipped Vehumet.
Vehumet was greatly pleased with you.
You were not hungry.

You visited 2 branches of the dungeon, and saw 10 of its levels.

You collected 449 gold pieces.

Inventory:

Hand Weapons
 B - the +7 whip of the Desert (weapon) {vorpal, Int+4 Dex+4}
   (You found it on level 7 of the Dungeon)

   It inflicts extra damage upon your enemies.
   It affects your intelligence (+4).
   It affects your dexterity (+4).
Missiles
 y - 4 boomerangs (quivered)
Armour
 b - a +1 leather armour of fire resistance (worn)
 u - a +0 cloak (worn)
 x - a +0 pair of boots (worn)
 C - a +2 hat (worn)
Jewellery
 i - a ring of wizardry (right hand)
 j - a ring of protection from magic (left hand)
 p - an uncursed ring of positive energy
 A - an amulet of faith (around neck)
Wands
 a - a wand of polymorph (11)
 t - a wand of paralysis (12)
 v - a wand of random effects (13)
 w - a wand of iceblast (5)
 E - a wand of enslavement (12)
Scrolls
 g - a scroll of fog
 h - a scroll of blinking {unknown}
 k - 2 scrolls of fear {unknown}
 m - 10 scrolls of teleportation {unknown}
 n - 5 scrolls of remove curse {unknown}
 o - a scroll of noise {unknown}
 q - 3 scrolls of magic mapping {unknown}
 z - 2 scrolls of enchant weapon {unknown}
Potions
 d - a potion of lignification
 e - 6 potions of curing
 f - a potion of stabbing
 l - a potion of might
 r - 3 potions of heal wounds
 s - 3 potions of haste
 D - a potion of resistance
Comestibles
 c - 21 rations
 F - 2 chunks of flesh


   Skills:
 + Level 10.3 Dodging
 - Level 2.5 Stealth
 + Level 12.3 Spellcasting
 * Level 12.8 Conjurations
 - Level 5.0 Hexes


You had 26 spell levels left.
You knew the following spells:

 Your Spells              Type           Power        Failure   Level  Hunger
a - Magic Dart            Conj           ####         1%          1    None
b - Searing Ray           Conj           ######       1%          2    None
c - Foxfire               Conj/Fire      ####         1%          1    None
d - Fulminant Prism       Conj/Hex       ######....   1%          4    None

Your spell library contained the following spells:

 Spells                   Type           Power        Failure   Level  Hunger
 Conjure Flame            Conj/Fire      ######..     1%          3    None
 Confusing Touch          Hex            #####...     1%          3    None
 Dazzling Flash           Conj/Hex       ######       1%          3    None
 Iskenderun's Mystic Bla  Conj/Tloc      ######..     1%          4    None
 Gell's Gravitas          Tloc           ###.......   6%          3    None
 Yara's Violent Unravell  Hex/Tmut       ####......   6%          5    ##.....
 Petrify                  Tmut/Erth      ###.....     21%         4    None
 Metabolic Englaciation   Hex/Ice        ####......   21%         5    ##.....


Dungeon Overview and Level Annotations

Branches:
Dungeon (9/15)             Temple (1/1) D:4
   Lair: D:8-11         Orc: D:9-12

Altars:
Ashenzari
Cheibriados
Dithmenos
Elyvilon
Fedhas
Gozag
Hepliaklqana
Makhleb
Nemelex Xobeh
Okawaru
Qazlal
Sif Muna
Trog
Uskayaw
Vehumet
Wu Jian
Xom
Yredelemnul
Zin
The Shining One

Shops:
D:6 }   D:9 }

Annotations:
D:9 1 runed translucent door


Innate Abilities, Weirdness & Mutations

You have large cloven feet.
Your flesh is cold resistant. (rC+)
Your body sometimes deteriorates upon taking damage.
Your system is resistant to poisons. (rPois)


Message History

The ice dragon breathes frost at you. The blast of cold hits you!! You resist.
* * * LOW HITPOINT WARNING * * *
You hear a deafening roar!
The searing ray hits the ice dragon!
The ice dragon is heavily wounded.
The ice dragon completely misses you. The ice dragon claws you.
* * * LOW HITPOINT WARNING * * *
The ice dragon tramples you but does no damage.
Some of the chunks of flesh in your inventory have rotted away.
You see here a mace.
As you read the scroll labeled AHOX JOPHOU, it crumbles to dust.
The scroll dissolves into smoke.
It was a scroll of fog.
The ice dragon breathes frost at you. The blast of cold misses you.
You hear a deafening roar! x2
The ice dragon closely misses you.
The ice dragon claws you but does no damage.
The ice dragon tramples you!
You die...

###.#.# #.# #..#.. #.#.# #.##
#..'..
###.#.##########..##########..###
#.#.#.#>.........∩.........[..#≈≈
#.#.#.##............[.........#≈≈
...<#.##.#####§§########.###..###
###.#.##.# #.§§§§§§....D.# #.....
....#.##.# #.§§.§D§...#..# #.####
#####.##(#######@##§.....# #.#
.......#......##.##......# #.#
#############.##..#......# #.#
............#.###.###.#..# #.#
.#########....###.###.#..# #.#
.#.......(#<..........#..# #.#
.#.######.#######..####..###.#
.#.# #............[..#....######
.#.# #.#.########.##.##.#.##_#_#


You could see an ice dragon.

Vanquished Creatures
  Gastronok (D:9)
  2 two-headed ogres (D:9)
  A hippogriff (D:9)
  A wyvern (D:9)
  2 hungry ghosts
  Grum (D:9)
  5 orc warriors
  An ice beast (D:7)
  A black bear (D:7)
  3 sky beasts
  4 phantoms
  2 centaurs
  11 ogres
  3 wolves (D:9)
  3 bullfrogs
  A wyvern zombie (D:9)
  A scorpion (D:9)
  A wyvern skeleton (D:6)
  18 killer bees
  A wight (D:6)
  3 howler monkeys (D:9)
  2 crimson imps
  A quasit (D:5)
  A centaur skeleton (D:9)
  A bullfrog skeleton (D:4)
  6 hounds
  5 jellies
  2 centaur zombies (D:7)
  6 orc priests
  7 orc wizards
  2 iguanas
  6 worker ants
  Ijyb (D:5)
  A hound skeleton (D:9)
  A howler monkey skeleton (D:6)
  10 adders
  A white imp (D:6)
  An adder zombie (D:6)
  2 worms
  10 dart slugs (D:3)
  5 leopard geckos
  33 orcs
  4 ball pythons
  3 giant cockroaches
  12 goblins
  10 hobgoblins
  6 jackals
  4 quokkas
  7 bats
  8 frilled lizards
  A goblin skeleton (D:6)
  2 goblin zombies (D:6)
  2 hobgoblin zombies (D:6)
  2 jackal skeletons
  7 kobolds
  2 kobold skeletons (D:6)
  2 kobold zombies (D:6)
  A leopard gecko skeleton (D:4)
  A leopard gecko zombie (D:8)
  An orc skeleton (D:6)
  2 orc zombies (D:6)
  2 quokka skeletons
  A quokka zombie (D:7)
  7 rats
257 creatures vanquished.

Vanquished Creatures (others)
  17 foxfires
  3 fulminant prisms (D:9)
20 creatures vanquished.

Grand Total: 277 creatures vanquished

Notes
Turn   | Place    | Note
-------+----------+-------------------------------------------
     0 | D:1      | Stil the Deep Elf Conjurer began the quest for the Orb.
     0 | D:1      | Reached XP level 1. HP: 10/10 MP: 6/6
   308 | D:1      | Reached XP level 2. HP: 15/15 MP: 2/8
   312 | D:1      | Learned a level 2 spell: Searing Ray
  1180 | D:2      | Reached skill level 5 in Conjurations
  1180 | D:2      | Reached XP level 3. HP: 11/19 MP: 7/10
  1401 | D:2      | Found a faded altar of an unknown god.
  1477 | D:2      | Upgraded the game from 0.25.0-10-g039870ee82 to
                  | 0.25.0-11-g1f837a76a1
  2199 | D:2      | Reached XP level 4. HP: 24/24 MP: 8/12
  3319 | D:3      | Found a hide-covered altar of Uskayaw.
  3401 | D:3      | Gained mutation: Your flesh is heat resistant. (rF+)
                  | [potion of mutation]
  3401 | D:3      | Gained mutation: You are dopey. (Int -2) [potion of
                  | mutation]
  3401 | D:3      | Gained mutation: You have a pair of small antennae on your
                  | head. [potion of mutation]
  3636 | D:3      | Reached skill level 5 in Spellcasting
  3897 | D:3      | Reached XP level 5. HP: 28/28 MP: 11/14
  4172 | D:3      | Noticed an ogre
  4180 | D:3      | Killed an ogre
  4491 | D:4      | Reached XP level 6. HP: 32/32 MP: 14/17
  4840 | D:4      | Found a bloodstained altar of Trog.
  4877 | D:4      | Found a staircase to the Ecumenical Temple.
  4880 | D:4      | Noticed a hungry ghost
  4889 | D:4      | Killed a hungry ghost
  4942 | Temple   | Entered the Ecumenical Temple
  4980 | Temple   | Became a worshipper of Vehumet
  5011 | D:4      | Found a glowing silver altar of Zin.
  5018 | D:4      | Reached XP level 7. HP: 36/36 MP: 10/19
  5269 | D:4      | Reached skill level 5 in Dodging
  5738 | D:5      | Entered Level 5 of the Dungeon
  5756 | D:5      | Found a snail-covered altar of Cheibriados.
  5967 | D:5      | Reached * piety under Vehumet
  5967 | D:5      | Offered knowledge of Foxfire by Vehumet.
  5970 | D:5      | Learned a level 1 spell: Foxfire
  5975 | D:5      | Learned a level 4 spell: Fulminant Prism
  6268 | D:5      | Reached skill level 1 in Hexes
  6273 | D:5      | Reached XP level 8. HP: 41/41 MP: 12/22
  6446 | D:5      | Noticed Ijyb
  6450 | D:5      | Killed Ijyb
  7862 | D:6      | Offered knowledge of Sandblast by Vehumet.
  8106 | D:6      | Reached ** piety under Vehumet
  8117 | D:6      | Found a glowing golden altar of the Shining One.
  8428 | D:6      | Reached XP level 9. HP: 45/45 MP: 16/24
  8433 | D:6      | Found a shadowy altar of Dithmenos.
  8970 | D:6      | Found Eqaemih's Gadget Shop.
  9202 | D:7      | Reached skill level 10 in Spellcasting
  9551 | D:7      | Reached skill level 10 in Conjurations
  9618 | D:7      | Found a stormy altar of Qazlal.
  9669 | D:7      | Offered knowledge of Stone Arrow by Vehumet.
 10288 | D:7      | Found a burning altar of Makhleb.
 10295 | D:7      | Got a crude whip
 10297 | D:7      | Identified the +7 whip of the Desert {vorpal, Int+4 Dex+4}
                  | (You found it on level 7 of the Dungeon)
 10531 | D:8      | Reached *** piety under Vehumet
 10908 | D:8      | Offered knowledge of Static Discharge by Vehumet.
 11272 | D:8      | Reached XP level 10. HP: 50/50 MP: 22/26
 11572 | D:8      | Found a shimmering blue altar of Sif Muna.
 11685 | D:9      | Found Kijipi Loto's Gadget Boutique.
 11709 | D:9      | Noticed Grum
 11713 | D:9      | Killed Grum
 11764 | D:9      | Noticed a two-headed ogre
 11777 | D:9      | Killed a two-headed ogre
 11983 | D:9      | Found a runed translucent door.
 12032 | D:9      | Reached **** piety under Vehumet
 12162 | D:9      | Offered knowledge of Conjure Flame by Vehumet.
 12188 | D:9      | Lost mutation: You are dopey. (Int -2) [potion of mutation]
 12188 | D:9      | Lost mutation: You have a pair of small antennae on your
                  | head. [potion of mutation]
 12188 | D:9      | Lost mutation: Your flesh is heat resistant. (rF+) [potion
                  | of mutation]
 12188 | D:9      | Gained mutation: Your body sometimes deteriorates upon
                  | taking damage. [potion of mutation]
 12188 | D:9      | Gained mutation: Your flesh is cold resistant. (rC+)
                  | [potion of mutation]
 12188 | D:9      | Gained mutation: Your system is resistant to poisons.
                  | (rPois) [potion of mutation]
 12188 | D:9      | Gained mutation: You have large cloven feet. [potion of
                  | mutation]
 12212 | D:9      | Reached skill level 5 in Hexes
 12303 | D:9      | Noticed Gastronok
 12316 | D:9      | Killed Gastronok
 12316 | D:9      | Reached skill level 10 in Dodging
 12495 | D:9      | Noticed an ice dragon
 12497 | D:9      | Noticed an ice dragon
 12497 | D:9      | Noticed a fire dragon
 12499 | D:9      | Found the +2 shield of Resistance {rF+ rC+ MR+}
 12519 | D:9      | Noticed a fire dragon
 12524 | D:9      | Found a runed translucent door.
 12571 | D:9      | Reached XP level 11. HP: 54/54 MP: 24/29
 12711 | D:9      | Noticed a two-headed ogre
 12720 | D:9      | Killed a two-headed ogre
 13112 | D:9      | Found a shimmering altar of Xom.
 13120 | D:9      | Found a shattered altar of Ashenzari.
 13121 | D:9      | Found an opulent altar of Gozag.
 13122 | D:9      | Found a shadowy altar of Dithmenos.
 13124 | D:9      | Found a sparkling altar of Nemelex Xobeh.
 13355 | D:9      | HP: 1/54 [ice dragon (4)]
 13362 | D:9      | Mangled by an ice dragon

Illustrated notes

Levels and vault maps discovered:
D:1:      minmay_arrival_cross, layout_basic, chequers_avenue,
          serial_bayou_pond_e, hex_medium, minmay_misc_feat_plants,
          minmay_misc_feat_diagonals
D:2:      minmay_chambers_of_ones, layout_basic,
          chequers_ecumenical_altar_twisty
D:3:      kennysheep_slugbush, layout_basic, lemuel_doored_altar,
          minmay_ogre_servants
D:4:      layout_basic, bloody_trog, old_standard_altar, temple_fountains,
          first_ration, grunt_ministairs_4
D:5:      layout_layer_cave, lemuel_crystal_altar, minmay_statues_item,
          uniq_ijyb
D:6:      layout_layer_cave, nicolae_tso_besieged_by_evil, serial_shops,
          nicolae_shop_crystal, minmay_ruined_shrine
D:7:      layout_gridville, bloody_makhleb, grunt_qazlal_clouds, grunt_ogre_cave
D:8:      layout_loops_ring, led_sif_book
D:9:      layout_basic, minitemple, serial_shops, shop,
          minmay_guarded_unrand_resistance, uniq_gastronok, uniq_grum
Temple:   compressed_dpeg_triangle_lava_temple

Skill      XL: |  1  2  3  4  5  6  7  8  9 10 |
---------------+-------------------------------+-----
Conjurations   | 5 6 7 9 10 12 | 12.8
Dodging        | 3 4 5 7 8 10 | 10.3
Spellcasting   | 4 5 6 7 8 9 10 12 | 12.3
Hexes          | 1 3 5 |  5.0
Stealth        | |  2.5

Action                   |  1- 3 |  4- 6 |  7- 9 | 10-12 || total
-------------------------+-------+-------+-------+-------++-------
Melee: Dagger            |     1 |     2 |     1 |       ||     4
 Cast: Magic Dart        |    71 |    84 |   174 |    34 ||   363
       Searing Ray       |     2 |    16 |    77 |    39 ||   134
       Foxfire           |       |       |     5 |     5 ||    10
       Fulminant Prism   |       |       |       |     3 ||     3
  Use: Potion            |     2 |     1 |       |     1 ||     4
       Scroll            |       |     4 |     2 |     3 ||     9
 Stab: Sleeping          |     1 |     1 |     1 |       ||     3
  Eat: Chunk             |     4 |     9 |    12 |     7 ||    32
       Ration            |       |       |     2 |       ||     2
Armor: Robe              |       |     3 |       |       ||     3
       Leather armour    |       |       |    11 |     9 ||    20
Dodge: Dodged            |     5 |    13 |    41 |    43 ||   102
